 Dungeon Crawl Stone Soup version 0.26.1-11-gd32895ea62 (webtiles) character file.

Game seed: 13024565123440099557

64 xjurr the Chopper (level 3, -1/34 HPs)
             Began as a Minotaur Berserker on May 18, 2021.
             Was a Believer of Trog.
             Slain by a sky beast (6 damage)
             ... on level 2 of the Dungeon.
             The game lasted 00:13:06 (1592 turns).

xjurr the Chopper (Minotaur Berserker)              Turns: 1592, Time: 00:13:08

Health: -1/34      AC:  8    Str: 22    XL:     3   Next: 91%
Magic:  2/2        EV:  8    Int:  4    God:    Trog [**....]
Gold:   68         SH:  0    Dex:  9    Spells: 2/2 levels left

rFire    . . .     SeeInvis .   a - +0 hand axe
rCold    . . .     Faith    .   (no shield)
rNeg     . . .     Spirit   .   p - -2 chain mail (curse)
rPois    .         Reflect  .   (helmet restricted)
rElec    .         Harm     .   (no cloak)
rCorr    .         Rampage  .   (no gloves)
Will     .....                  s - +0 pair of boots
Stlth    ..........             (no amulet)
HPRegen  0.11/turn              (no ring)
MPRegen  0.08/turn              (no ring)

@: no status effects
A: retaliatory headbutt, horns 2
a: Renounce Religion, Berserk, Trog's Hand


You were on level 2 of the Dungeon.
You worshipped Trog.
Trog was pleased with you.
You visited 1 branch of the dungeon, and saw 2 of its levels.

You collected 68 gold pieces.

Inventory:

Hand Weapons
 a - a +0 hand axe (weapon)
 c - a cursed -1 club
 g - a +0 spear
 h - a +0 dagger
 i - a +0 whip
 k - a +0 short sword
 l - a +0 club
 m - a cursed +0 hand axe
 n - a +0 hunting sling
 o - a +0 vorpal hunting sling
 r - a +0 short sword
 t - a +0 club
 u - a +0 short sword
 v - a +0 club
 w - a +0 club
 x - a +0 club
 y - a +0 club
 A - a +0 dagger
Missiles
 e - 5 boomerangs
 B - 13 bolts
Armour
 b - a +0 animal skin
 p - a cursed -2 chain mail (worn)
 q - a +0 robe
 s - a +0 pair of boots (worn)
 z - a +0 leather armour
Scrolls
 d - a scroll of identify {unknown}
 f - a scroll of enchant armour {unknown}
 j - 2 scrolls of fear {unknown}


   Skills:
 + Level 4.4 Fighting
 + Level 4.5 Axes
 + Level 3.0 Armour
 + Level 2.5 Dodging
 + Level 0.4 Stealth


You had 2 spell levels left.
You didn't know any spells.
Your spell library was empty.

Dungeon Overview and Level Annotations

Branches:
Dungeon (2/15)

Altars:


Innate Abilities, Weirdness & Mutations

You reflexively headbutt those who attack you in melee.
You have a pair of horns on your head.


Message History

You hit the bat. The bat hits you but does no damage.
The sky beast hits you but does no damage.
You barely miss the sky beast.
The sky beast is moderately wounded.
You slash the bat!
You kill the bat!
Trog accepts your kill. The sky beast hits you. The sky beast shocks you.
Your chain mail prevents you from hitting the sky beast.
The sky beast is moderately wounded.
The sky beast hits you. The sky beast shocks you.
* * * LOW HITPOINT WARNING * * *
You hit the sky beast but do no damage. You headbutt the sky beast!
The sky beast is heavily wounded.
The sky beast flickers out of sight!
Deactivating autopickup; reactivate with Ctrl-A.
Something hits you.
* * * LOW HITPOINT WARNING * * *
Something shocks you.
You die...

..#.#..#............ ...
...#.††............
...###(.#.#.............
.....[.#..#.............
.>.(..#..#.............
. .....#.....#.#........
...##....>.....##.......
.......{.......##.......
#..@................
##.........#........
................#.....
..............##.......
<..............####.....
#.##.##........# #.....
. [.. #.####.### #.....
### #.# #.. #.....


There were no monsters in sight!

Vanquished Creatures
  2 adders (D:2)
  2 leopard geckos (D:1)
  A ball python (D:1)
  2 giant cockroaches (D:1)
  4 hobgoblins
  2 jackals (D:2)
  10 bats
  A frilled lizard (D:1)
  6 goblins
  7 kobolds
  6 rats
43 creatures vanquished.

Notes
Turn   | Place    | Note
-------+----------+-------------------------------------------
     0 | D:1      | xjurr the Minotaur Berserker began the quest for the Orb.
     0 | D:1      | Reached XP level 1. HP: 19/19 MP: 0/0
   271 | D:1      | Reached XP level 2. HP: 22/27 MP: 1/1
  1426 | D:2      | Reached XP level 3. HP: 33/33 MP: 2/2
  1490 | D:2      | Reached ** piety under Trog
  1584 | D:2      | Noticed a sky beast
  1592 | D:2      | Slain by a sky beast

Illustrated notes

Levels and vault maps discovered:
D:1:      minmay_arrival_hallway, layout_basic, minmay_split_cup_large
D:2:      layout_rooms, fedhas_altar_3

Skill      XL: |  1  2  3 |
---------------+----------+-----
Axes           | 4 |  4.5
Fighting       | 4 |  4.4
Armour         | 3 |  3.0
Dodging        | |  2.5
Stealth        | |  0.4

Action                   || total
-------------------------++-------
Melee: Hand axe          ||    86
       Headbutt          ||    11
  Use: Potion            ||     3
Armor: Animal skin       ||    11
       Chain mail        ||    37
Dodge: Dodged            ||    65
